 Dungeon Crawl Stone Soup version 0.29-a0-334-gb41bcbb86e (webtiles) character file.

Game seed: 13890599375171506312

51 bande the Covered (level 3, -1/24 HPs)
             Began as a Gargoyle Fighter on Apr 16, 2022.
             Slain by Natasha (8 damage)
             ... on level 2 of the Dungeon.
             The game lasted 00:02:16 (1237 turns).

bande the Covered (Gargoyle Fighter)                Turns: 1237, Time: 00:02:16

Health: -1/24      AC: 10    Str: 19    XL:     3   Next: 83%
Magic:  3/3        EV:  9    Int:  8    God:
Gold:   40         SH:  4    Dex: 11    Spells: 2/2 levels left

rFire   . . .      SeeInvis .   a - +0 war axe
rCold   . . .      Faith    .   c - +0 buckler
rNeg    + . .      Spirit   .   b - +0 scale mail
rPois   ∞          Reflect  .   (no helmet)
rElec   +          Harm     .   (no cloak)
rCorr   .          Rampage  .   (no gloves)
Will    .....                   (no boots)
Stlth   ..........              (no amulet)
HPRegen 0.08/turn               (no ring)
MPRegen 0.08/turn               (no ring)

@: no status effects
A: sickness immunity, AC +3, negative energy resistance 1, electricity
resistance, torment resistance 1, petrification resistance
a: no special abilities


You were on level 2 of the Dungeon.
You visited 1 branch of the dungeon, and saw 2 of its levels.

You collected 40 gold pieces.

Inventory:

Hand Weapons
 a - a +0 war axe (weapon)
Armour
 b - a +0 scale mail (worn)
 c - a +0 buckler (worn)
Jewellery
 e - an amulet of magic regeneration
Scrolls
 i - a scroll of enchant weapon {unknown}
Potions
 d - a potion of might
 f - a potion of ambrosia
 g - a potion of haste {unknown}
 h - a potion of curing {unknown}


   Skills:
 + Level 3.7 Fighting
 + Level 2.4 Axes
 + Level 3.9 Armour
 + Level 3.7 Shields


You had 2 spell levels left.
You didn't know any spells.
Your spell library was empty.

Dungeon Overview and Level Annotations

Branches:
Dungeon (2/15)

Altars:

Shops:
D:2 (

Annotations:
D:2 Natasha


Innate Abilities, Weirdness & Mutations

You are immune to sickness and miasma.
Your stone body is resilient. (AC +3)
You are immune to poison.
You resist negative energy. (rN+)
You are resistant to electric shocks. (rElec)
You are resistant to unholy torment.
You are immune to petrification.


Message History

Natasha stares at you and mumbles some strange words.
The magic dart hits you but does no damage.
The shadow imp gestures at you. Pain shoots through your body!
You barely miss Natasha.
Natasha is almost dead.
You miss the crimson imp. You closely miss the shadow imp.
Natasha claws you but does no damage.
The shadow imp hits you but does no damage.
The crimson imp hits you but does no damage.
Unknown command.
You closely miss Natasha.
Natasha is almost dead.
You closely miss the crimson imp.
You hit the shadow imp but do no damage.
The shadow imp closely misses you. Natasha claws you.
The crimson imp barely misses you.
The crimson imp hits you but does no damage.
Natasha claws you.
The shadow imp hits you but does no damage.
You barely miss Natasha.
Natasha is severely wounded.
You closely miss the shadow imp. You closely miss the crimson imp.
Natasha closely misses you.
The crimson imp hits you but does no damage.
You block the shadow imp's attack.
You closely miss Natasha.
Natasha is severely wounded.
You closely miss the crimson imp. You barely miss the shadow imp.
Natasha casts a spell at you.
The magic dart hits you but does no damage.
The shadow imp hits you.
* * * LOW HITPOINT WARNING * * *
The crimson imp hits you but does no damage.
The shadow imp hits you but does no damage.
You block Natasha's attack.
The crimson imp blinks!
You closely miss Natasha.
Natasha is severely wounded.
You closely miss the shadow imp. Natasha claws you!
You die...

#...# ##...#####
..........
....... ..<.?.
##...## #.h5..#
#.@...## #§...5.#
##...#.# #.###.#
#.###.#
#.....###########
###.##..........#
#.##.##.##.##.#
#.##.##.##.##.##


You could see Natasha, a crimson imp (summoned) and a shadow imp (summoned).

Vanquished Creatures
  A gnoll (D:2)
  An adder (D:2)
  A dart slug (D:2)
  4 bats
  An endoplasm (D:2)
  3 giant cockroaches (D:1)
  2 goblins (D:2)
  5 hobgoblins
  A quokka (D:1)
  5 ball pythons
  3 kobolds
  A rat (D:1)
28 creatures vanquished.

Notes
Turn   | Place    | Note
-------+----------+-------------------------------------------
     0 | D:1      | bande the Gargoyle Fighter began the quest for the Orb.
     0 | D:1      | Reached XP level 1. HP: 14/14 MP: 1/1
    71 | D:1      | Reached XP level 2. HP: 6/19 MP: 2/2
   757 | D:2      | Reached XP level 3. HP: 24/24 MP: 3/3
  1101 | D:2      | Found Ocsar's Weapon Shoppe.
  1222 | D:2      | Noticed Natasha
  1237 | D:2      | Slain by Natasha

Illustrated notes

Levels and vault maps discovered:
D:1:      ncdulo_lavacross, layout_basic
D:2:      layout_loops_cross, serial_shops, nicolae_shop_bloodbath_and_beyond,
          minmay_octomino_j4, uniq_natasha

Skill      XL: |  1  2 |
---------------+-------+-----
Axes           | 2 |  2.4
Fighting       | |  3.7
Armour         | |  3.9
Shields        | |  3.7

Action                   || total
-------------------------++-------
Melee: War axe           ||    81
  Use: Scroll            ||     3
Armor: Scale mail        ||    55
Dodge: Dodged            ||    47
Block: Buckler           ||    26

Table legend: (Time is in decaauts)
 A = Elapsed time spent in this place.
 B = Non-inter-level travel time spent in this place.
 C = Inter-level travel time spent in this place.
 D = Time resting spent in this place.
 E = Time spent auto-exploring this place.
 F = Levels seen in this place.
 G = Mean time per level.
                   A        B        C        D        E       F      G
               +--------+--------+--------+--------+--------+-----+--------+
         Total |   1272 |   1272 |      0 |    496 |    548 |   2 |  636.0 |
       Dungeon |   1272 |   1272 |      0 |    496 |    548 |   2 |  636.0 |
               +--------+--------+--------+--------+--------+-----+--------+

Top non-repeatable levels by time:
     D:1: 766 daAuts
     D:2: 506 daAuts
